[Event "*** Titled Tuesday 3|2 Blitz"]
[Site "Chess.com"]
[Date "2015.06.02"]
[Round "6"]
[White "Zvonokchess"]
[Black "Viaje"]
[Result "0-1"]
[WhiteElo "2498"]
[BlackElo "2200"]
[TimeControl "180+2"]
[EndTime "12:12:24 PDT"]
[Termination "Viaje won by resignation"]

1. e4 c5 2. Nf3 d6 3. Bb5+ Bd7 4.
Bxd7+ Qxd7 5. c4 Nf6 6. Nc3 g6 7. d4 cxd4 8. Nxd4 Bg7 9. b3 O-O 10. Bb2 Rc8 11. O-O a6 12. a4 Nc6 13. Re1 Qd8 14.
Qd2 Rab8 15. Rad1 Qb6 16. Nxc6 bxc6 17. Rb1 Qxb3 18. c5 Qe6 19. cxd6 exd6 20. Ba3 Rxb1 21.
Rxb1 Nxe4 22. Nxe4 Qxe4 23. Re1 Qxa4 24. Bxd6 Rd8 25.
Qf4 Qxf4 26. Bxf4 c5 27. Rc1 Bd4 28. Kf1 Ra8 29. Bd6 a5 30. Bxc5 Bxc5 31. Rxc5 a4 32. Rc2 a3 33. Ra2 Kg7 34. Ke2 Kf6 35. Ke3 Ke5 36.
h4 h5 37. g3 Kf5 38. Kf3 Ke5 39. Ke3 Ra7 40. f4+ Kf5 41. Kf3 Ra4 42. Kf2 Kg4 43. Kg2 Ra6 44. Kf2 Kf5 45. Kf3 Ke6 46. Ke4 Ra4+ 47.
Kd3 Kd5 48. Kd2 Ke4 49. Ke2 Ra5 50. Kf2 Kd3 51. Kf3 Kc3 52. Ke4 Kb3 53. Ra1 a2 54.
f5 Kb2 55. Rxa2+ Kxa2 56. fxg6 fxg6 57. Kf4 Kb3 0-1

[Event "*** Titled Tuesday 3|2 Blitz"]
[Site "Chess.com"]
[Date "2015.06.02"]
[Round "6"]
[White "E-Shaposhnikov"]
[Black "MattyDPerrine"]
[Result "1/2-1/2"]
[WhiteElo "2337"]
[BlackElo "2244"]
[TimeControl "180+2"]
[EndTime "12:12:37 PDT"]
[Termination "Game drawn by repetition"]

1. Nf3 c5 2. c4 e6 3. Nc3 b6 4.
g3 Bb7 5. Bg2 Nf6 6. O-O Be7 7.
d4 cxd4 8. Qxd4 Nc6 9. Qf4 Qb8 10. Rd1 O-O 11. Qxb8 Raxb8 12. Bf4 Rbc8 13. Nb5 d5 14. cxd5 Nxd5 15. Bd6 Ba6 16. Bxe7 Ncxe7 17. Nfd4 e5 18. Nxa7 exd4 19. Nxc8 Rxc8 20. Rxd4 Nf6 21. Rad1 g6 22.
Rd8+ Kg7 23. Rxc8 Nxc8 24. Bf3 Kf8 25. a4 Ke7 26. e4 Nd7 27. Bg4 Ne5 28. Bxc8 Bxc8 29.
b4 Nc4 30. Rd4 Be6 31. f4 f5 32. e5 Kf7 33. Kf2 Ke7 34. Ke2 Bf7 35. Kf2 g5 36. Rd1 gxf4 37. gxf4 Nb2 38. Rd6 Nxa4 39. Rh6 Bg6 40.
h4 Kf7 41. h5 Kg7 42. hxg6 Kxh6 43. gxh7 Kxh7 44. Ke3 Nc3 45. Kd4 Ne2+ 46. Ke3 Nc3 47. Kd4 Ne2+ 48. Ke3 Nc3 1/2-1/2

[Event "*** Titled Tuesday 3|2 Blitz"]
[Site "Chess.com"]
[Date "2015.06.02"]
[Round "6"]
[White "Vandros57"]
[Black "ilmago"]
[Result "0-1"]
[WhiteElo "1808"]
[BlackElo "1877"]
[TimeControl "180+2"]
[EndTime "12:12:38 PDT"]
[Termination "ilmago won on time"]

1. e4 c5 2. Nc3 Nc6 3. g3 e6 4.
Bg2 Nf6 5. f4 d5 6. d3 d4 7.
Nce2 Be7 8. Nf3 O-O 9. O-O b5 10. h3 Bb7 11. g4 Rc8 12. Ng3 Nd7 13. f5 Nde5 14. Nxe5 Nxe5 15. Bf4 Bd6 16. Qd2 c4 17. g5 c3 18. bxc3 Rxc3 19. Rf2 Qc7 20. Raf1 Rc8 21.
fxe6 fxe6 22. Qd1 Rxc2 23. Bxe5 Bxe5 24. Nh5 Rxf2 25. Rxf2 Qc1 26. Qxc1 Rxc1+ 27. Bf1 b4 28. Nf4 Bxf4 29. Rxf4 Rc2 30. Rf2 Rxf2 31. Kxf2 Kf7 32. Be2 Kg6 33. h4 a5 34. Bg4 Ba6 35. Bxe6 Bxd3 36. Bf5+ Kh5 37. Bxh7 Kxh4 38. Ke1 Kxg5 39. Kd2 Bc4 40. e5 Bxa2 41. Bd3 Kf4 42. e6 Bxe6 0-1

[Event "*** Titled Tuesday 3|2 Blitz"]
[Site "Chess.com"]
[Date "2015.06.02"]
[Round "6"]
[White "Danirod"]
[Black "TheLancer"]
[Result "1-0"]
[WhiteElo "2403"]
[BlackElo "2362"]
[TimeControl "180+2"]
[EndTime "12:12:41 PDT"]
[Termination "Danirod won by resignation"]

1. e4 c5 2. Nf3 g6 3. d4 cxd4 4.
Qxd4 Nf6 5. Nc3 Nc6 6. Qa4 d6 7.
e5 dxe5 8. Nxe5 Qd4 9. Nxc6 Qxa4 10. Nxa4 bxc6 11. c4 Bg7 12. Bd3 O-O 13. Be3 Ng4 14. Bc5 Rd8 15. O-O-O Bf6 16. Be4 Be6 17. b3 Bg5+ 18.
Kc2 Bf5 19. Bxf5 gxf5 20. h3 Ne5 21. Rhe1 Ng6 22. g3 e5 23. h4 Bf6 24. Rxd8+ Rxd8 25. Bxa7 e4 26. Be3 Ne5 27. Nc5 Be7 28. Rd1 Ra8 29. a4 Bxc5 30. Bxc5 Nd3 31. Be3 Kf8 32. Kc3 Rb8 33. a5 c5 34. a6 Ra8 35. Rxd3 exd3 36. Bxc5+ Ke8 37. a7 Rd8 38. Be3 h5 39.
b4 Kd7 40. Kxd3 Kc6+ 41. Kc3 Kb7 42. b5 Rd1 43. c5 Kxa7 44. c6+ Kb8 45. Kc4 Rb1 46. Kc5 Rb2 47. b6 Rc2+ 48. Kd6 Kc8 49. b7+ Kb8 50. Kd7 f4 51. Bxf4+ 1-0

[Event "*** Titled Tuesday 3|2 Blitz"]
[Site "Chess.com"]
[Date "2015.06.02"]
[Round "6"]
[White "Tirantes"]
[Black "Lupul_Cenusiu"]
[Result "1-0"]
[WhiteElo "2207"]
[BlackElo "2422"]
[TimeControl "180+2"]
[EndTime "12:12:42 PDT"]
[Termination "Tirantes won by resignation"]

1. c4 Nf6 2. Nc3 e5 3. Nf3 Nc6 4. g3 Bc5 5. Bg2 d6 6. O-O O-O 7. d3 h6 8. a3 a5 9. b3 Re8 10. Bb2 Be6 11. Nd2 Qd7 12. Nd5 Nh7 13. e3 Ba7 14. Qc2 Nd8 15. Nc3 Bh3 16. Nf3 Bxg2 17. Kxg2 Ne6 18. h4 c6 19. Rad1 Rad8 20. d4 exd4 21.
exd4 Nf4+ 22. Kg1 Qh3 23. gxf4 Qxf3 24. Qd3 Qxf4 25. Qg3 Qxg3+ 26. fxg3 Nf6 27. Kg2 Ng4 28. Bc1 Re7 29. d5 Ne3+ 30. Bxe3 Rxe3 31. Rf3 Rxf3 32. Kxf3 Bc5 33. a4 Re8 34. Ne4 Bb4 35. dxc6 bxc6 36. Rd3 Re6 37. g4 Kf8 38. Ng3 g6 39. Ne4 Ke7 40.
g5 h5 41. Kf4 Be1 42. Ng3 c5 43. Kf3 Re5 44. Ne4 Re6 45. Nf6 Bxh4 46. Kf4 Be1 47. Nd5+ Kd8 48. Nf6 Kc7 49. Nd5+ Kc6 50. Nf6 Re5 51. Ne4 Re6 52. Nf6 h4 53. Kg4 Bg3 54. Nd5 Re4+ 55. Kh3 Bf2 56. Rf3 Rd4 57. Rxf2 Rd3+ 58.
Kxh4 1-0

[Event "*** Titled Tuesday 3|2 Blitz"]
[Site "Chess.com"]
[Date "2015.06.02"]
[Round "6"]
[White "1random"]
[Black "MFBerna"]
[Result "1-0"]
[WhiteElo "2054"]
[BlackElo "1866"]
[TimeControl "180+2"]
[EndTime "12:12:44 PDT"]
[Termination "1random won on time"]

1. e4 e5 2. Nf3 Nc6 3. Bb5 a6 4. Ba4 Nf6 5. O-O Be7 6. Re1 b5 7. Bb3 O-O 8. d4 d6 9. c3 Bg4 10. Be3 Na5 11. dxe5 Bxf3 12. Qxf3 dxe5 13. Nd2 Nxb3 14. axb3 Qc8 15. b4 Qe6 16. Red1 Rfd8 17. Qe2 Nd7 18. h3 c5 19. bxc5 Nxc5 20. c4 bxc4 21. Nxc4 Nxe4 22. Rxd8+ Rxd8 23. Bb6 Rc8 24. b3 Nc3 25. Qxe5 Qxe5 26. Nxe5 Bf6 27. Re1 Re8 28. Nf3 Rxe1+ 29. Nxe1 Ne2+ 30. Kf1 Nc1 31. b4 Bc3 32. Bc5 a5 33. b5 Bxe1 34. b6 Bc3 35. f4 g6 36. b7 1-0

[Event "*** Titled Tuesday 3|2 Blitz"]
[Site "Chess.com"]
[Date "2015.06.02"]
[Round "6"]
[White "MrHenriksson"]
[Black "AnastasiaProtopopova"]
[Result "0-1"]
[WhiteElo "2043"]
[BlackElo "1892"]
[TimeControl "180+2"]
[EndTime "12:12:49 PDT"]
[Termination "AnastasiaProtopopova won by resignation"]

1. d4 Nf6 2. Nf3 e6 3. g3 d5 4. Bg2 b5 5. O-O Bb7 6. Ne5 Bd6 7. b3 O-O 8. c4 bxc4 9. bxc4 c5 10. Be3 cxd4 11. Bxd4 Qc7 12. f4 dxc4 13. Bxb7 Qxb7 14. Nxc4 Be7 15. Qb3 Qe4 16. e3 Nc6 17. Nbd2 Qd5 18. Ne5 Nxd4 19. Qxd5 Nxd5 20. exd4 Bb4 21. Ne4 Rac8 22.
Rfc1 Ba3 23. Rc6 Bb2 24. Rd1 Rfd8 25. Rxc8 Rxc8 26. Rd2 Ba3 27. Kf2 h6 28. Nd3 Rc4 29. Ndc5 f5 30. Nd6 Rxd4 31. Rxd4 Bxc5 32. Nb5 a6 33. Ke2 axb5 34. Rd2 b4 35. Rc2 Be7 36. Kd3 Kf7 37. Kc4 Ne3+ 0-1

[Event "*** Titled Tuesday 3|2 Blitz"]
[Site "Chess.com"]
[Date "2015.06.02"]
[Round "6"]
[White "jlandaw"]
[Black "Ar4uha"]
[Result "1-0"]
[WhiteElo "2333"]
[BlackElo "2436"]
[TimeControl "180+2"]
[EndTime "12:12:52 PDT"]
[Termination "jlandaw won by resignation"]

1. e4 c5 2. Nc3 d6 3. g3 g6 4.
Bg2 Bg7 5. d3 Nc6 6. f4 e6 7.
Nf3 Nge7 8. O-O O-O 9. Be3 Nd4 10. e5 Nef5 11. Bf2 Nxf3+ 12. Qxf3 Nd4 13. Qd1 dxe5 14. fxe5 Bxe5 15. Ne4 Nf5 16. c3 Bd7 17. Bxc5 Re8 18. Qe2 Bc6 19. Bf2 Bg7 20. d4 Qa5 21.
g4 Ne7 22. Bh4 Bxe4 23. Bxe4 Nd5 24. Qf3 Rf8 25. a3 Qb6 26. Rf2 Qd6 27. Raf1 f5 28.
gxf5 gxf5 29. Bxd5 exd5 30. Bg3 Qg6 31. Qxd5+ Kh8 32. Rxf5 Rfe8 33. Rg5 Qh6 34. Rf7 Rg8 35. h4 Bf6 36. Rxf6 Rxg5 37. Qxg5 Qg7 38. Be5 h6 39.
Rxh6+ 1-0

[Event "*** Titled Tuesday 3|2 Blitz"]
[Site "Chess.com"]
[Date "2015.06.02"]
[Round "6"]
[White "grandmastergauri"]
[Black "zmaj23"]
[Result "0-1"]
[WhiteElo "2283"]
[BlackElo "2421"]
[TimeControl "180+2"]
[EndTime "12:12:53 PDT"]
[Termination "zmaj23 won on time"]

1. e4 c5 2. Nf3 d6 3. d4 cxd4 4. Nxd4 Nf6 5. Nc3 a6 6. g3 e5 7. Nb3 Be6 8. Bg2 Nbd7 9. O-O b5 10. a4 b4 11. Na2 a5 12. c3 Bxb3 13. Qxb3 Nc5 14. Qc4 b3 15. Nb4 axb4 16. cxb4 Ne6 17. Be3 Be7 18. a5 O-O 19. Bb6 Qc8 20. Qxc8 Rfxc8 21. Rfc1 Rc2 22. b5 Rxb2 23. a6 Rc2 24.
Rxc2 bxc2 25. Be3 Bd8 26. b6 Bxb6 27. Bxb6 Rxa6 28. Rxa6 c1=Q+ 29. Bf1 h6 30. Be3 Qd1 31. Kg2 Nxe4 32. Ra8+ Kh7 33. Ra3 d5 34. Rd3 Qe1 35.
Rxd5 N6g5 36. h4 Nh3 37. Rxe5 Nhxf2 38. Bf4 Ng4 39. Bd3 Qf2+ 40. Kh3 f5 41. Rxf5 Ne3 42. Bxe3 Qxf5+ 43. Kg2 Qd5 44. Bb1 Kg8 45. Kh3 Qf5+ 46. Kg2 Qd5 47. Kh3 Nc3 0-1

[Event "*** Titled Tuesday 3|2 Blitz"]
[Site "Chess.com"]
[Date "2015.06.02"]
[Round "6"]
[White "VovAn1991"]
[Black "Krutoy123"]
[Result "0-1"]
[WhiteElo "2461"]
[BlackElo "2129"]
[TimeControl "180+2"]
[EndTime "12:13:07 PDT"]
[Termination "Krutoy123 won by checkmate"]

1. g3 d5 2. Bg2 e6 3. f4 Nf6 4.
Nf3 c5 5. O-O Nc6 6. d3 Be7 7.
c3 O-O 8. Na3 Qc7 9. Qe1 a6 10. e4 dxe4 11. dxe4 b5 12. e5 Nd5 13. Nd2 Bb7 14. Ne4 c4 15. Nc2 Rfd8 16. Ne3 Nxe3 17.
Bxe3 Rd3 18. Nf2 Rd7 19. Qe2 Rad8 20. h4 Nb8 21. h5 Bxg2 22. Kxg2 h6 23. Kh3 a5 24. g4 Bc5 25. Rad1 Na6 26. Rxd7 Rxd7 27. Qf3 Bxe3 28. Qxe3 Nc5 29. g5 hxg5 30. fxg5 Rd5 31. g6 fxg6 32. hxg6 Rxe5 33. Qd4 Rh5+ 34. Kg4 Rd5 35.
Qe3 Qe7 36. Nh3 Nd7 37. Rf7 Qd6 38. Ng5 Ne5+ 39. Kh5 Nxf7 40. gxf7+ Kf8 41. Qa7 Qh2+ 42. Kg6 Qh6# 0-1

[Event "*** Titled Tuesday 3|2 Blitz"]
[Site "Chess.com"]
[Date "2015.06.02"]
[Round "6"]
[White "Cruel_Yaro"]
[Black "Genghis_K"]
[Result "0-1"]
[WhiteElo "2554"]
[BlackElo "2566"]
[TimeControl "180+2"]
[EndTime "12:13:16 PDT"]
[Termination "Genghis_K won by resignation"]

1. e4 e5 2. Nf3 Nc6 3. Bb5 a6 4. Ba4 Nf6 5. O-O Be7 6. Re1 b5 7. Bb3 d6 8. c3 O-O 9. h3 a5 10. a4 b4 11. d4 bxc3 12. bxc3 exd4 13. Nxd4 Nxd4 14. cxd4 Bb7 15. Nc3 Rb8 16. Bc2 Nd7 17.
Qd3 g6 18. Bh6 Re8 19. Bb3 Bf8 20. Bf4 Bg7 21. Rad1 Ba8 22. Nb5 Nf6 23. f3 Nh5 24.
Be3 c6 25. Na3 d5 26. exd5 cxd5 27. Nb5 Bc6 28. Rc1 Bxb5 29. axb5 Qb6 30. Rc5 Nf4 31. Qd2 Ne6 32. Rxd5 Nxd4 33. Bc4 Rbd8 34. Rxd8 Rxd8 35. Kh1 Qc7 36. Qa2 Nf5 37. Bf2 Bd4 38. Bxd4 Rxd4 39.
Rc1 Kg7 40. Qb2 Qe5 41. Bf1 Ng3+ 42. Kg1 a4 43. b6 Qe3+ 44. Qf2 Ne2+ 45. Bxe2 Qxc1+ 46. Kh2 Rb4 47. Ba6 Qf4+ 48. g3 Qd4 0-1

[Event "*** Titled Tuesday 3|2 Blitz"]
[Site "Chess.com"]
[Date "2015.06.02"]
[Round "6"]
[White "dabee"]
[Black "Malev212"]
[Result "0-1"]
[WhiteElo "2360"]
[BlackElo "2221"]
[TimeControl "180+2"]
[EndTime "12:13:16 PDT"]
[Termination "Malev212 won by resignation"]

1. d4 d6 2. Nf3 g6 3. Bf4 Bg7 4.
e3 Nc6 5. Bb5 Bd7 6. O-O Nf6 7.
h3 O-O 8. d5 e5 9. dxc6 bxc6 10. Bxe5 cxb5 11. Bc3 Qe7 12. b3 c5 13. Nbd2 Bc6 14.
a3 Rfe8 15. b4 Rad8 16. Nb3 Ne4 17. Bxg7 Kxg7 18. Na5 Ba8 19. Qd3 a6 20. Rad1 Qf6 21. Rfe1 Nc3 22. Rc1 Be4 23. Qd2 Bxf3 24. gxf3 Re5 25.
Qd3 Rg5+ 26. Kh2 Rd5 27. Qf1 Qxf3 28. Qg2 Qh5 29. Qg4 Re8 30. Qxh5 Rxh5 31. Nb7 Re6 32.
f3 g5 33. e4 Reh6 34. Kg2 cxb4 35. axb4 Rxh3 36. Rh1 Rxh1 37. Rxh1 Rxh1 38. Kxh1 d5 39. e5 Na2 40. c3 Nxc3 41. Nc5 Kg6 42. Nxa6 Kf5 43.
Kg2 h5 44. Kg3 Kxe5 45. Kf2 f5 0-1

[Event "*** Titled Tuesday 3|2 Blitz"]
[Site "Chess.com"]
[Date "2015.06.02"]
[Round "6"]
[White "adypady02"]
[Black "ruifeng"]
[Result "0-1"]
[WhiteElo "2253"]
[BlackElo "2097"]
[TimeControl "180+2"]
[EndTime "12:13:22 PDT"]
[Termination "ruifeng won by resignation"]

1. e4 c5 2. Nf3 d6 3. d4 cxd4 4.
Nxd4 Nf6 5. Nc3 a6 6. Bg5 Nbd7 7. f4 Qc7 8. Qf3 g6 9. O-O-O Bg7 10. g4 b5 11. Nd5 Nxd5 12. exd5 Nf6 13. h3 O-O 14. Bg2 Bb7 15. Nc6 Rac8 16. Rhe1 Rfe8 17. Qb3 Kh8 18. Kb1 e6 19. Bxf6 Bxf6 20. Nd4 exd5 21. Rxe8+ Rxe8 22. c3 Qc5 23. a3 Re3 24. Qc2 a5 25. Qf2 Re8 26.
f5 g5 27. Qd2 b4 28. axb4 axb4 29. cxb4 Qa7 30. Nb5 Qb6 31. Nc3 d4 32. Nd5 Bxd5 33. Bxd5 Kg7 34. Re1 Rxe1+ 35. Qxe1 d3 36. Qd2 Qd4 37.
Bc6 Qg1+ 38. Ka2 Qa7+ 39. Kb1 Qb6 40. b5 Qd4 41. Ka2 h6 42. Kb3 Be5 43. Ka2 Bf4 44. Qd1 d2 45. Kb1 Qc4 46. Bf3 Qxb5 47. Qc2 Qf1+ 48.
Bd1 Qxh3 49. Qc3+ Qxc3 50. bxc3 Kf6 51. Kc2 h5 52. Kd3 h4 53. Kc2 Ke5 54. Bf3 h3 55.
Kd1 Be3 56. Bh1 Kf4 57. Ke2 h2 58. Bf3 d1=B+ 59. Kxd1 Kxf3 60. Kc2 h1=Q 0-1

[Event "*** Titled Tuesday 3|2 Blitz"]
[Site "Chess.com"]
[Date "2015.06.02"]
[Round "6"]
[White "Recombinant"]
[Black "GMG"]
[Result "1/2-1/2"]
[WhiteElo "2120"]
[BlackElo "2446"]
[TimeControl "180+2"]
[EndTime "12:13:30 PDT"]
[Termination "Game drawn by repetition"]

1. d4 f5 2. g3 Nf6 3. Bg2 e6 4. c4 d5 5. Nc3 c6 6. Nf3 Bd6 7. O-O O-O 8. Ne5 Nbd7 9. f4 Ne4 10. Nxe4 fxe4 11. e3 Nxe5 12. fxe5 Rxf1+ 13. Qxf1 Be7 14. Bd2 Bd7 15. a3 Be8 16. Bb4 Bh5 17. Bxe7 Qxe7 18.
c5 Rf8 19. Qe1 g5 20. Qd2 Bf3 21. Rf1 g4 22. b4 h5 23. Qf2 Kg7 24. a4 Rh8 25. h4 Rf8 26. Kh2 b6 27. Qc2 bxc5 28. bxc5 Bxg2 29. Qxg2 Rf3 30. Qe2 Qb7 31. Kg2 Qb3 32. Re1 Qxa4 33. Qb2 Kg6 34. Qb8 Qc2+ 35. Kh1 Rf2 36. Qg8+ Kh6 37. Qg5+ Kh7 38. Qxh5+ Kg7 39.
Qxg4+ Kf8 40. Qh3 a5 41. h5 Kg7 42. Rf1 Qe2 43. Rxf2 Qxf2 44. Qxe6 Qxg3 45. Qf6+ Kh7 46. Qxc6 Qh3+ 47. Kg1 Qxe3+ 48. Kg2 Qf3+ 49. Kh2 Qf2+ 50. Kh3 Qf3+ 51. Kh4 Qf4+ 52. Kh3 Qf3+ 53. Kh4 Qf4+ 54. Kh3 Qf5+ 55. Kh4 Qf4+ 56. Kh3 1/2-1/2

[Event "*** Titled Tuesday 3|2 Blitz"]
[Site "Chess.com"]
[Date "2015.06.02"]
[Round "6"]
[White "Cryptochess"]
[Black "pKiLz5Rn9b"]
[Result "1-0"]
[WhiteElo "2381"]
[BlackElo "2316"]
[TimeControl "180+2"]
[EndTime "12:13:32 PDT"]
[Termination "Cryptochess won by resignation"]

1. e4 e6 2. d4 d5 3. Nc3 Nf6 4. e5 Nfd7 5. f4 c5 6. Nf3 Nc6 7. Be3 a6 8. Qd2 b5 9. dxc5 Bxc5 10. Bxc5 Nxc5 11. O-O-O Bb7 12. Ne2 O-O 13. Ned4 Ne4 14.
Qe1 Rc8 15. Kb1 Qb6 16. Bd3 Rfd8 17. Nxc6 Bxc6 18. Qh4 h6 19. g4 Qf2 20. Qh3 b4 21. Rhf1 Qb6 22. g5 Qa5 23. Bxe4 dxe4 24. Nd4 Bd5 25. b3 Rc3 26. Qh4 h5 27. g6 fxg6 28.
Nxe6 Rd7 29. Nd4 e3 30. e6 Rd8 31. e7 Re8 32. Qg5 Qc5 33. f5 Be4 34. f6 Rxc2 35.
f7+ Kh7 36. Qxc5 Rxc5+ 37. Ka1 Rxe7 38. f8=Q Ree5 39. Qf4 Bb7 40. Rfe1 Re4 41. Qg3 Rd5 42. Ne2 Rd2 43. Nf4 Rxd1+ 44. Rxd1 e2 45. Qxg6+ 1-0

[Event "*** Titled Tuesday 3|2 Blitz"]
[Site "Chess.com"]
[Date "2015.06.02"]
[Round "6"]
[White "goldaxe"]
[Black "MartinZumsande"]
[Result "1/2-1/2"]
[WhiteElo "2158"]
[BlackElo "2300"]
[TimeControl "180+2"]
[EndTime "12:13:34 PDT"]
[Termination "Game drawn by repetition"]

1. e4 e6 2. d4 d5 3. Nc3 Nf6 4. e5 Nfd7 5. f4 c5 6. Nf3 a6 7. Be3 Qb6 8. Na4 Qa5+ 9. c3 cxd4 10. b4 Qc7 11. Qxd4 Nc6 12. Qd2 b5 13. Nb2 f6 14.
exf6 Nxf6 15. Bd3 Bd6 16. O-O O-O 17. a4 bxa4 18. Nxa4 Ne4 19. Bxe4 dxe4 20. Nd4 Nxd4 21. Qxd4 Bb7 22. Nc5 Bxc5 23. Qxc5 Qxc5 24. Bxc5 Rfd8 25. Bd4 Bd5 26. Ra5 Rac8 27. Rxa6 Bc4 28. Ra7 Bxf1 29. Kxf1 Rxd4 30. cxd4 Rc4 31. b5 Rb4 32. Rb7 Rxd4 33. Ke2 Rb4 34. Ke3 h6 35. h4 h5 36. Re7 Rxb5 37. Rxe6 Rb2 38. g3 Rg2 39. Rg6 Kh7 40. Rg5 g6 41. Kxe4 Rg1 42. Kf3 Kh6 43. Ke4 Re1+ 44. Kd5 Re3 45. Kd4 Ra3 46. Ke5 Ra5+ 47. Kf6 Ra6+ 48. Kf7 Ra7+ 49. Kf6 Ra6+ 50. Ke5 Ra5+ 51.
Ke4 Ra4+ 52. Kf3 Ra3+ 53. Kg2 Ra2+ 54. Kh3 Ra3 55. Rb5 Rc3 56. Rb6 Rc5 57. Rf6 Kg7 58.
Ra6 Rb5 59. Ra4 Rc5 60. Kg2 Kf6 61. Kf3 Kf5 62. Ra3 Rb5 63. Re3 Ra5 64. Rb3 Rc5 65.
Re3 Ra5 66. Re5+ Rxe5 67. fxe5 Kxe5 68. g4 hxg4+ 69. Kxg4 Kf6 70. h5 g5 71. Kf3 Kg7 72.
Kg3 Kh7 73. Kh3 Kg7 74. Kg3 Kh7 75. Kh3 Kg7 76. Kg3 Kh7 1/2-1/2

[Event "*** Titled Tuesday 3|2 Blitz"]
[Site "Chess.com"]
[Date "2015.06.02"]
[Round "6"]
[White "Carolina-moon"]
[Black "Theladies"]
[Result "0-1"]
[WhiteElo "1981"]
[BlackElo "1870"]
[TimeControl "180+2"]
[EndTime "12:13:44 PDT"]
[Termination "Theladies won by resignation"]

1. e4 c5 2. Nf3 e6 3. c3 d5 4. exd5 Qxd5 5. d4 cxd4 6. cxd4 Nc6 7. Nc3 Bb4 8. Be2 Nf6 9. O-O Bxc3 10. bxc3 O-O 11. c4 Qd8 12. Bg5 h6 13. Bh4 b6 14.
Qc2 Nxd4 15. Nxd4 Qxd4 16. Bg3 Bb7 17. Rfd1 Qe4 18. Qxe4 Nxe4 19. Be5 Rfd8 20. Bf3 Rac8 21. a4 Rxd1+ 22. Rxd1 Rxc4 23. Rd8+ Kh7 24. h3 Bd5 25. Rd7 Rxa4 26. Rxf7 Kg8 27. Rxg7+ Kf8 28. Bh5 Ng5 29. Rc7 a6 30. Bg7+ Kg8 31. Bxh6 Rh4 32.
Rg7+ Kh8 33. Rxg5 a5 34. Bf7 Rxh6 35. Rg8+ Kh7 36. Rb8 Rf6 37. Bg8+ Kg7 38. Rxb6 Kxg8 39. Ra6 Rg6 40. g3 Rf6 41. Rxa5 Rf3 42. Rb5 Rb3 43. Rxb3 Bxb3 44. f3 Kf7 45. Kf2 Kf6 46. Ke3 Kf5 47. h4 Bc2 48. Kd4 Bd1 49. Ke3 Bc2 50. g4+ Ke5 51. f4+ Kf6 52. Kd4 Bd1 53. g5+ Kf5 54. h5 Bxh5 55. Kc5 Kxf4 56. Kd6 e5 57. g6 Bxg6 0-1

[Event "*** Titled Tuesday 3|2 Blitz"]
[Site "Chess.com"]
[Date "2015.06.02"]
[Round "6"]
[White "ChadaevNikolay"]
[Black "Gevorg_Harutjunyan"]
[Result "1-0"]
[WhiteElo "2631"]
[BlackElo "2530"]
[TimeControl "180+2"]
[EndTime "12:13:53 PDT"]
[Termination "ChadaevNikolay won by resignation"]

1. e4 c6 2. Nc3 d5 3. Nf3 Bg4 4. h3 Bxf3 5. Qxf3 Nf6 6. d4 e6 7.
Bd3 dxe4 8. Nxe4 Nbd7 9. c3 Be7 10. O-O O-O 11. Re1 a5 12. a4 Re8 13. Bf4 Nf8 14. Nxf6+ Bxf6 15. Rad1 Ng6 16. Be3 Qd5 17. Qxd5 exd5 18. g3 Re7 19. Bd2 Rae8 20. Rxe7 Rxe7 21. b3 Nf8 22. Kg2 Nd7 23. h4 h5 24. f3 g6 25.
Kf2 c5 26. dxc5 Nxc5 27. Bc2 d4 28. cxd4 Bxd4+ 29. Kf1 b6 30. Bxa5 bxa5 31. Rxd4 Re3 32. Kf2 Rc3 33. Rc4 Nxa4 34. Rxc3 Nxc3 35. Ke3 Kg7 36.
Kd3 Nd5 37. Kd4 Nb4 38. Bd1 Kf6 39. Be2 Kf5 40. Kc5 Ke5 41. Bc4 f6 42. Bf7 Kf5 43.
Kb5 g5 44. Bxh5 gxh4 45. gxh4 Nc2 46. Kxa5 Nd4 47. b4 Ke5 48. b5 Kd6 49. b6 Kd7 50.
Ka6 Kc8 51. Bg6 Nxf3 52. h5 Ne5 53. Bf5+ Kb8 54. h6 Nf7 55. h7 Nh8 56. Kb5 Nf7 57. Kc6 Nh8 58. Be4 Nf7 59. Kd7 f5 60. Bxf5 Kb7 61.
Ke7 Nh8 62. Kf6 Kxb6 63. Kg7 1-0

[Event "*** Titled Tuesday 3|2 Blitz"]
[Site "Chess.com"]
[Date "2015.06.02"]
[Round "6"]
[White "WGMCarlaHeredia"]
[Black "Schemato"]
[Result "0-1"]
[WhiteElo "2042"]
[BlackElo "2041"]
[TimeControl "180+2"]
[EndTime "12:14:14 PDT"]
[Termination "Schemato won by resignation"]

1. e4 e6 2. d4 d5 3. Nc3 Nf6 4. Bg5 Bb4 5. e5 h6 6. Bc1 Ne4 7. Qg4 g6 8. Ne2 c5 9. a3 cxd4 10. axb4 dxc3 11. bxc3 Nc6 12. f3 Ng5 13. h4 Nh7 14. f4 h5 15. Qf3 Bd7 16. g4 hxg4 17. Qxg4 Ne7 18. h5 Qc7 19. Bd2 a6 20. Nd4 O-O-O 21.
Bd3 Rdg8 22. h6 Nf5 23. Qe2 Qb6 24. Bxf5 gxf5 25. O-O-O Bb5 26. Qf3 Rg6 27. Rdg1 Rhg8 28.
Rxg6 Rxg6 29. Be3 Qc7 30. Kd2 Qc4 31. Qf2 Kd7 32. Qf3 Qc8 33. Nb3 Qc4 34. Nc5+ Kc6 35. Qf2 Rg4 36. Nd3 Qe4 37. Ba7 Rg2 38. Rf1 Bxd3 39.
cxd3 Qxf4+ 40. Kd1 Rxf2 41. Rxf2 Qxh6 42. Be3 Qh5+ 43.
Kd2 Ng5 44. Kc2 Nf3 45. Rg2 Nxe5 46. Bd4 f6 47. Kb3 Qf3 48. Rg7 Qxd3 49. Bxe5 fxe5 50. Re7 Qc4+ 51. Kb2 d4 52. Re8 dxc3+ 53. Kc2 Kd7 54.
Rf8 Qd4 55. b5 axb5 56. Rf7+ Kd6 57. Rxb7 Qd2+ 0-1

[Event "*** Titled Tuesday 3|2 Blitz"]
[Site "Chess.com"]
[Date "2015.06.02"]
[Round "6"]
[White "David_Klein"]
[Black "RitvarsReimanis"]
[Result "0-1"]
[WhiteElo "2270"]
[BlackElo "2356"]
[TimeControl "180+2"]
[EndTime "12:14:30 PDT"]
[Termination "RitvarsReimanis won by resignation"]

1. e4 e6 2. Qe2 Be7 3. Nf3 d5 4. d3 Nf6 5. g3 O-O 6. Bg2 c5 7. O-O Nc6 8. Re1 Re8 9. Nbd2 Bf8 10. e5 Nd7 11. Nf1 b5 12. h4 b4 13. N1h2 f6 14.
exf6 Nxf6 15. Bg5 h6 16. Bf4 Bd6 17. Ne5 Nxe5 18. Bxe5 Bxe5 19. Qxe5 Bb7 20. Nf3 Rc8 21. Re2 Qb6 22. Rae1 d4 23. Qf4 Qc6 24. g4 Qd5 25. g5 Nd7 26. gxh6 g6 27. Qg3 Nf8 28. Re5 Qd7 29. h5 Kh7 30. Rg5 Kxh6 31. Rxg6+ Kh7 32. Ne5 Qe7 33. Bxb7 Qxb7 34. Re4 Re7 35. Rg8 Rg7 36. Rg4 Kxg8 37. h6 Rxg4 38. Nxg4 Kh8 39. Qe5+ Kh7 40. Qg5 Qf7 41. Nf6+ Kh8 42. Qe5 Ng6 43. Qg5 Nf8 44. Qe5 Ng6 45. Qg5 Rf8 46. Ne4 Qf5 47. Qg3 Rg8 48. Qc7 Ne5+ 49. Kf1 Ng6 50. Nd6 Qf4 51. Nf7+ Kh7 52. Ng5+ Kxh6 53. Qh7+ Kxg5 54. Qxg8 Qc1+ 55. Kg2 Qxc2 56. Qd8+ Kh6 57. Qf6 Qxd3 58. Qxe6 c4 59. Qd6 c3 60. bxc3 bxc3 61. Qh2+ Kg7 62. Qc7+ Kh6 63. Qh2+ Kg5 64. Qd6 Nf4+ 65. Kg1 c2 66.
Qe7+ Kg6 67. Qd6+ Kf5 68. Qd7+ Ke5 69. Qe7+ Ne6 70. Qa3 Qxa3 0-1

[Event "*** Titled Tuesday 3|2 Blitz"]
[Site "Chess.com"]
[Date "2015.06.02"]
[Round "6"]
[White "esr44"]
[Black "aripov96"]
[Result "0-1"]
[WhiteElo "2009"]
[BlackElo "2249"]
[TimeControl "180+2"]
[EndTime "12:15:50 PDT"]
[Termination "aripov96 won by checkmate"]

1. d4 Nf6 2. c4 e6 3. Nc3 Bb4 4. Nf3 O-O 5. Bg5 h6 6. Bh4 d5 7. e3 Nbd7 8. Qc2 c5 9. Bd3 cxd4 10. exd4 dxc4 11. Bxc4 b6 12. O-O Bb7 13. Ne5 Be7 14. Rad1 Qc7 15. Nb5 Qc8 16. Qb3 Nxe5 17. dxe5 Qc6 18.
f3 Qc5+ 19. Bf2 Qxe5 20. Rfe1 Qg5 21. Nd6 Bxd6 22. Rxd6 Bd5 23. Bxd5 Nxd5 24. Rd7 Nf4 25. Bg3 Nh5 26. Bd6 Rfd8 27. Be7 Qa5 28. Bb4 Qb5 29. Rxd8+ Rxd8 30. a4 Qg5 31. Qc2 Nf4 32. Kh1 Nd5 33.
Bc3 Rc8 34. Rc1 Nxc3 35. bxc3 Qe3 36. c4 Qd4 37. h3 Rc5 38. Qb3 Qd2 39. Rd1 Qf4 40.
Rd8+ Kh7 41. Qd3+ g6 42. Rd7 Kg7 43. Rxa7 Qxc4 44. Qxc4 Rxc4 45. a5 bxa5 46. Rxa5 g5 47. Kh2 Rc3 48. Kg3 Kg6 49. Kf2 h5 50. Kg3 Rc2 51.
Kh2 f5 52. Re5 Kf6 53. Ra5 Rd2 54. Kg3 h4+ 55. Kh2 Rd5 56. Ra8 Ke5 57. Ra4 Rc5 58. Rb4 Kf6 59. Rb8 Rc7 60. Rf8+ Rf7 61. Ra8 e5 62. Ra6+ Ke7 63. Rg6 Rh7 64. Rxg5 Kf6 65.
Rg8 e4 66. fxe4 fxe4 67. Re8 Kf5 68. Kg1 Rb7 69. Rf8+ Ke5 70. Re8+ Kf4 71. Rf8+ Ke3 72. Rh8 Re7 73. Rxh4 Kd3 74. Kf2 e3+ 75. Kf1 Rb7 76. g3 e2+ 77. Kf2 Rb1 78. Rh8 e1=Q+ 79. Kf3 Qe4+ 80. Kf2 Rb2+ 81. Kf1 Qf3+ 82. Kg1 Qg2# 0-1